 Dungeon Crawl Stone Soup version 0.22.0-32-gbc6daba (webtiles) character file.

1553 Lew the Skirmisher (level 8, 0/67 HPs)
             Began as a Gnoll Abyssal Knight on Aug 23, 2018.
             Was an Elder of Lugonu.
             Slain by a killer bee (4 damage)
             ... on level 6 of the Dungeon.
             The game lasted 00:12:25 (5534 turns).

Lew the Skirmisher (Gnoll Abyssal Knight)           Turns: 5534, Time: 00:12:26

Health: 0/67       AC: 13    Str: 15    XL:     8   Next: 88%
Magic:  13/13      EV: 13    Int: 15    God:    Lugonu [****..]
Gold:   358        SH:  0    Dex: 16    Spells: 14/14 levels left

rFire    + + .     SeeInvis .   n - +0 war axe
rCold    + . .     Gourm    .   (no shield)
rNeg     . . .     Faith    +   h - +0 ring mail
rPois    +         Spirit   .   (no helmet)
rElec    +         Reflect  .   e - +1 cloak
rCorr    +         Harm     .   g - +0 pair of gloves
MR       .....                  l - +2 pair of boots
Stlth    ++........             p - amulet of faith
HPRegen  0.21/turn              (no ring)
MPRegen  0.13/turn              (no ring)

@: resistant
A: distributed training, fangs 1, fire resistance 1, screaming 1, electricity
resistance, strong nose
a: Depart the Abyss, Bend Space, Banish, Corrupt, Renounce Religion


You were on level 6 of the Dungeon.
You worshipped Lugonu.
Lugonu was greatly pleased with you.
You were not hungry.

You visited 1 branch of the dungeon, and saw 6 of its levels.
You visited the Abyss 1 time.
You also visited: Sewer.

You collected 358 gold pieces.

Inventory:

Hand Weapons
 n - a +0 war axe (weapon)
 r - a +1 dagger of distortion
Armour
 e - a +1 cloak (worn)
 g - a +0 pair of gloves (worn)
 h - a +0 ring mail (worn)
 l - a +2 pair of boots (worn)
Jewellery
 d - an uncursed amulet of the gourmand
 p - an amulet of faith (around neck)
 q - an uncursed ring of wizardry
 v - an uncursed amulet of guardian spirit
Wands
 b - a wand of digging (12)
 s - a wand of flame (36)
Scrolls
 f - 3 scrolls of amnesia
 i - a scroll of fear
 j - 2 scrolls of magic mapping
 k - 2 scrolls of remove curse
 m - a scroll of blinking {unknown}
 o - a scroll of teleportation
Potions
 u - 2 potions of brilliance
Comestibles
 c - 9 rations


   Skills:
 + Level 7.5 Fighting
 + Level 3.5 Short Blades
 + Level 3.5 Long Blades
 + Level 5.9 Axes
 + Level 3.5 Maces & Flails
 + Level 3.5 Polearms
 + Level 3.5 Staves
 + Level 3.5 Slings
 + Level 3.5 Bows
 + Level 3.5 Crossbows
 + Level 3.5 Throwing
 + Level 5.9 Armour
 + Level 4.4 Dodging
 + Level 3.5 Stealth
 + Level 3.5 Shields
 + Level 3.5 Unarmed Combat
 + Level 3.5 Spellcasting
 + Level 2.9 Conjurations
 + Level 2.9 Hexes
 + Level 2.9 Charms
 + Level 2.9 Summonings
 + Level 2.9 Necromancy
 + Level 2.9 Translocations
 + Level 2.9 Transmutations
 + Level 2.9 Fire Magic
 + Level 2.9 Ice Magic
 + Level 2.9 Air Magic
 + Level 2.9 Earth Magic
 + Level 2.9 Poison Magic
 + Level 6.1 Invocations
 + Level 3.5 Evocations


You had 14 spell levels left.
You didn't know any spells.
Your spell library was empty.

Dungeon Overview and Level Annotations

Branches:
Dungeon (6/15)             Temple (0/1) D:5

Altars:
Ashenzari
Dithmenos
Elyvilon
Hepliaklqana
Kikubaaqudgha
Makhleb
Nemelex Xobeh
Ru
Trog
Uskayaw
Vehumet
Wu Jian


Innate Abilities, Weirdness & Mutations

Your experience applies equally to all skills.
You have very sharp teeth.
Your uncanny sense of smell can sniff out nearby items.
Your flesh is heat resistant. (rF+)
You occasionally shout uncontrollably at your foes.
You are resistant to electric shocks. (rElec)


Message History

You are no longer poisoned.
The killer bee stings you!
* * * LOW HITPOINT WARNING * * *
You miss the killer bee. The killer bee closely misses you.
The killer bee stings you but does no damage. x2
Unknown command.
You barely miss the killer bee. The killer bee barely misses you.
The killer bee stings you.
* * * LOW HITPOINT WARNING * * *
You completely miss the killer bee. Your bite misses the killer bee.
The killer bee stings you.
* * * LOW HITPOINT WARNING * * *
The killer bee barely misses you.
The killer bee stings you but does no damage.
The killer bee stings you but does no damage.
The killer bee stings you but does no damage.
The killer bee barely misses you. The killer bee closely misses you.
The killer bee stings you.
You die...

#.###...####.....#.#.#...
..........##.###.#.#.#
.######.#.##.# #.#...# .#
#.#.##.# #.#.#.# .#
#...##.# #.#.#.# .#
##..##.###.....# .#
#..##......<..#
.########.######.##..#
.#............[.@##..#
.#########.#####y##..# .#
#.# #.##..# ##########.#
#.##..# .........#.#
#.##..# ##.#####.#.##
#.##... #.# #.#..#
#)##.## #.#
##.##.####.##.##### #.#
#.........†.[y.Z...


You could see a killer bee.

Vanquished Creatures
  Eustachio (D:6)
  Edmund (D:5)
  An ogre (D:6)
  3 big kobolds (Sewer)
  Blork the orc (D:4)
  3 killer bees (D:6)
  A howler monkey (D:5)
  2 orc priests
  A hound (D:4)
  4 orc wizards
  A bullfrog skeleton (D:5)
  Natasha (thrice) (D:2)
  6 worker ants
  A hound zombie (D:5)
  9 adders
  A river rat (Sewer)
  A shadow imp (D:5)
  8 oozes
  5 worms
  2 dart slugs (D:2)
  7 leopard geckos
  27 orcs
  5 ball pythons
  14 bats
  6 giant cockroaches
  10 goblins
  4 hobgoblins
  8 jackals (D:2)
  8 kobolds
  3 quokkas
  7 frilled lizards
  A jackal skeleton (D:4)
  A leopard gecko zombie (D:6)
  A quokka zombie (D:6)
  8 rats
165 creatures vanquished.

Notes
Turn   | Place    | Note
-------+----------+-------------------------------------------
     0 | Abyss:1  | Lew the Gnoll Abyssal Knight began the quest for the Orb.
     0 | Abyss:1  | Reached XP level 1. HP: 23/23 MP: 3/3
     0 | Abyss:1  | Found a corrupted altar of Lugonu.
   126 | D:1      | Escaped the Abyss
   133 | D:1      | Reached * piety under Lugonu
   165 | D:1      | Reached XP level 2. HP: 21/29 MP: 5/5
   593 | D:1      | Reached XP level 3. HP: 35/35 MP: 6/6
   978 | D:2      | Noticed Natasha
   989 | D:2      | Killed Natasha
   989 | D:2      | Reached skill level 1 in Short Blades
   989 | D:2      | Reached skill level 1 in Long Blades
   989 | D:2      | Reached skill level 1 in Maces & Flails
   989 | D:2      | Reached skill level 1 in Polearms
   989 | D:2      | Reached skill level 1 in Staves
   989 | D:2      | Reached skill level 1 in Slings
   989 | D:2      | Reached skill level 1 in Bows
   989 | D:2      | Reached skill level 1 in Crossbows
   989 | D:2      | Reached skill level 1 in Throwing
   989 | D:2      | Reached skill level 1 in Stealth
   989 | D:2      | Reached skill level 1 in Shields
   989 | D:2      | Reached skill level 1 in Unarmed Combat
   989 | D:2      | Reached skill level 1 in Spellcasting
   989 | D:2      | Reached skill level 1 in Evocations
   989 | D:2      | Reached XP level 4. HP: 32/41 MP: 7/7
  1023 | D:2      | Noticed Natasha
  1031 | D:2      | Killed Natasha
  1031 | D:2      | Reached skill level 1 in Conjurations
  1031 | D:2      | Reached skill level 1 in Hexes
  1031 | D:2      | Reached skill level 1 in Charms
  1031 | D:2      | Reached skill level 1 in Summonings
  1031 | D:2      | Reached skill level 1 in Necromancy
  1031 | D:2      | Reached skill level 1 in Translocations
  1031 | D:2      | Reached skill level 1 in Transmutations
  1031 | D:2      | Reached skill level 1 in Fire Magic
  1031 | D:2      | Reached skill level 1 in Ice Magic
  1031 | D:2      | Reached skill level 1 in Air Magic
  1031 | D:2      | Reached skill level 1 in Earth Magic
  1031 | D:2      | Reached skill level 1 in Poison Magic
  1234 | D:2      | Noticed Natasha
  1248 | D:2      | Killed Natasha
  1248 | D:2      | Reached XP level 5. HP: 28/47 MP: 8/8
  1484 | D:2      | Reached ** piety under Lugonu
  2078 | D:3      | Found a sacrificial altar of Ru.
  2093 | D:3      | Gained mutation: You passively map a small area around you. [potion of mutation]
  2093 | D:3      | Gained mutation: You are somewhat resistant to further mutation. [potion of mutation]
  2093 | D:3      | Gained mutation: You are occasionally teleported next to monsters. [potion of mutation]
  2094 | D:3      | Lost mutation: You are somewhat resistant to further mutation. [potion of mutation]
  2094 | D:3      | Lost mutation: You are occasionally teleported next to monsters. [potion of mutation]
  2094 | D:3      | Lost mutation: You passively map a small area around you. [potion of mutation]
  2094 | D:3      | Gained mutation: You are resistant to electric shocks. (rElec) [potion of mutation]
  2094 | D:3      | Gained mutation: Armour fits poorly on your strangely shaped body. [potion of mutation]
  2094 | D:3      | Gained mutation: You possess an exceptional clarity of mind. [potion of mutation]
  2095 | D:3      | Lost mutation: You possess an exceptional clarity of mind. [potion of mutation]
  2095 | D:3      | Lost mutation: Armour fits poorly on your strangely shaped body. [potion of mutation]
  2095 | D:3      | Gained mutation: You occasionally shout uncontrollably at your foes. [potion of mutation]
  2095 | D:3      | Gained mutation: Your flesh is heat resistant. (rF+) [potion of mutation]
  2186 | D:3      | Found a sparkling altar of Nemelex Xobeh.
  2195 | D:3      | Reached skill level 5 in Invocations
  2195 | D:3      | Reached XP level 6. HP: 48/53 MP: 9/9
  2201 | D:3      | Reached *** piety under Lugonu
  2211 | D:3      | Found a hide-covered altar of Uskayaw.
  2216 | D:3      | Found a shadowy altar of Dithmenos.
  2216 | D:3      | Found an ornate altar of the Wu Jian Council.
  2827 | D:3      | Found an ancient bone altar of Kikubaaqudgha.
  2890 | D:4      | Noticed Blork the orc
  2891 | D:4      | Reached skill level 5 in Axes
  2891 | D:4      | Reached skill level 5 in Armour
  2904 | D:4      | Killed Blork the orc
  3126 | D:4      | Reached XP level 7. HP: 37/59 MP: 10/10
  3131 | D:4      | Reached skill level 7 in Fighting
  3475 | D:4      | Found a bloodstained altar of Trog.
  3503 | D:4      | Found a shattered altar of Ashenzari.
  3771 | D:5      | Entered Level 5 of the Dungeon
  3816 | D:5      | Noticed Edmund
  3831 | D:5      | Killed Edmund
  3869 | D:5      | Found a glowing drain.
  3882 | Sewer    | Entered a sewer
  3904 | Sewer    | Reached **** piety under Lugonu
  3973 | Sewer    | Reached XP level 8. HP: 43/67 MP: 12/12
  4596 | D:5      | Found a staircase to the Ecumenical Temple.
  4826 | D:5      | Found a hazy altar of Hepliaklqana.
  4836 | D:5      | Found a white marble altar of Elyvilon.
  4981 | D:5      | Found a burning altar of Makhleb.
  5271 | D:6      | Noticed Eustachio
  5286 | D:6      | Killed Eustachio
  5331 | D:6      | Found a radiant altar of Vehumet.
  5529 | D:6      | HP: 3/67 [killer bee (3)]
  5534 | D:6      | Slain by a killer bee

Skill      XL: |  1  2  3  4  5  6  7  8 |
---------------+-------------------------+-----
Short Blades   | 1 2 3 |  3.5
Long Blades    | 1 2 3 |  3.5
Maces & Flails | 1 2 3 |  3.5
Polearms       | 1 2 3 |  3.5
Staves         | 1 2 3 |  3.5
Slings         | 1 2 3 |  3.5
Bows           | 1 2 3 |  3.5
Crossbows      | 1 2 3 |  3.5
Throwing       | 1 2 3 |  3.5
Stealth        | 1 2 3 |  3.5
Shields        | 1 2 3 |  3.5
Unarmed Combat | 1 2 3 |  3.5
Spellcasting   | 1 2 3 |  3.5
Evocations     | 1 2 3 |  3.5
Conjurations   | 1 2 |  2.9
Hexes          | 1 2 |  2.9
Charms         | 1 2 |  2.9
Summonings     | 1 2 |  2.9
Necromancy     | 1 2 |  2.9
Translocations | 1 2 |  2.9
Transmutations | 1 2 |  2.9
Fire Magic     | 1 2 |  2.9
Ice Magic      | 1 2 |  2.9
Air Magic      | 1 2 |  2.9
Earth Magic    | 1 2 |  2.9
Poison Magic   | 1 2 |  2.9
Dodging        | 3 4 |  4.4
Invocations    | 5 6 |  6.1
Axes           | 5 |  5.9
Armour         | 5 |  5.9
Fighting       | 7 |  7.5

Action                   |  1- 3 |  4- 6 |  7- 9 || total
-------------------------+-------+-------+-------++-------
Melee: Hand axe          |    79 |   130 |       ||   209
       Bite              |     8 |    24 |    20 ||    52
       War axe           |       |    93 |   239 ||   332
       Punch             |       |     1 |     2 ||     3
Invok: Depart the Abyss  |     1 |       |       ||     1
  Use: Scroll            |     4 |     4 |     8 ||    16
       Potion            |     1 |     5 |     7 ||    13
 Stab: Sleeping          |     1 |     2 |     2 ||     5
  Eat: Chunk             |       |     6 |     3 ||     9
       Ration            |       |     1 |     1 ||     2
Armor: Leather armour    |     4 |       |       ||     4
       Ring mail         |    28 |    89 |   113 ||   230
       Skin              |       |    41 |     8 ||    49
Dodge: Dodged            |    68 |   142 |   189 ||   399
